 Dungeon Crawl Stone Soup version 0.29-a0-362-g5854e031c7 (webtiles) character file.

Game seed: 12020573812107983963

100 HatHat the Slasher (level 4, -1/41 HPs)
             Began as a Minotaur Chaos Knight on Apr 29, 2022.
             Was a Plaything of Xom.
             Slain by a goblin
             ... wielding a +0 dagger
              (2 damage)
             ... on level 3 of the Dungeon.
             The game lasted 00:13:27 (1969 turns).

HatHat the Slasher (Minotaur Chaos Knight)          Turns: 1969, Time: 00:13:29

Health: -1/41      AC:  8    Str: 19    XL:     4   Next: 47%
Magic:  3/3        EV: 10    Int:  9    God:    Xom [...*..]
Gold:   139        SH:  0    Dex:  9    Spells: 3/3 levels left

rFire   . . .      SeeInvis .   j - +0 rapier
rCold   . . .      Faith    .   (no shield)
rNeg    . . .      Spirit   .   g - +0 scale mail
rPois   .          Reflect  .   (helmet restricted)
rElec   .          Harm     .   (no cloak)
rCorr   .          Rampage  .   (no gloves)
Will    .....                   d - +0 pair of boots
Stlth   ..........              (no amulet)
HPRegen 0.13/turn               (no ring)
MPRegen 0.08/turn               (no ring)

@: no status effects
A: horns 2, retaliatory headbutt
a: Renounce Religion


You were on level 3 of the Dungeon.
You worshipped Xom.
You were a favourite toy of Xom.
You visited 1 branch of the dungeon, and saw 3 of its levels.

You collected 139 gold pieces.

Inventory:

Hand Weapons
 a - a +0 falchion of chaos
 j - a +0 rapier (weapon)
Armour
 b - a +2 leather armour
 d - a +0 pair of boots (worn)
 g - a +0 scale mail (worn)
Scrolls
 e - 3 scrolls of identify {unknown}
 f - a scroll of enchant weapon {unknown}
 k - 2 scrolls of fog {unknown}
 l - a scroll of amnesia {unknown}
Potions
 i - a potion of heal wounds {unknown}
 n - 4 potions of ambrosia {unknown}
 o - a potion of haste {unknown}
 q - 2 potions of lignification {unknown}
 r - a potion of flight {unknown}
Miscellaneous
 c - a piece from Xom's chessboard (15/15) (quivered)


   Skills:
 + Level 4.4 Fighting
 + Level 0.6(2.7) Short Blades
 + Level 4.7(4.8) Long Blades
 + Level 3.2 Armour
 + Level 2.2 Dodging


You had 3 spell levels left.
You didn't know any spells.
Your spell library was empty.

Dungeon Overview and Level Annotations

Branches:
Dungeon (3/15)

Altars:

Annotations:
D:3 Sigmund


Innate Abilities, Weirdness & Mutations

You have a pair of horns on your head.
You reflexively headbutt those who attack you in melee.


Message History

Are you sure you want to stumble around while confused and next to your ufetubus? [Y]es or [N]o only, please.
Are you sure you want to stumble around while confused and next to your ufetubus?
Your ufetubus barely misses Sigmund.
Your ufetubus hits Sigmund but does no damage.
Your ufetubus hits Sigmund.
Your ufetubus closely misses Sigmund.
Are you sure you want to stumble around while confused and next to your crimson imp?
Your surroundings suddenly seem different. 2 jackals come into view.
Found a club.
The jackal barks!
The hobgoblin shouts!
A goblin comes into view. It is wielding a +0 dagger.
A jackal comes into view.
You bump into the rock wall.
The goblin shouts!
The hobgoblin hits you but does no damage.
A jackal and an endoplasm come into view.
The jackal barks! x2
The endoplasm quivers.
The hobgoblin hits you but does no damage.
You feel less confused. The goblin completely misses you.
The hobgoblin closely misses you.
You closely miss the hobgoblin. The jackal bites you.
* * * LOW HITPOINT WARNING * * *
The goblin hits you but does no damage.
The hobgoblin hits you but does no damage.
The jackal closely misses you.
As you read the scroll labelled ZEWETO HYUMA, it crumbles to dust.
Your body is wracked with pain!
* * * LOW HITPOINT WARNING * * *
The goblin convulses!
The jackal convulses! x3; The hobgoblin convulses!
The jackal convulses!
The endoplasm convulses!
It was a scroll of torment.
The jackal bites you but does no damage.
The jackal bites you.
* * * LOW HITPOINT WARNING * * *
The jackal bites you.
* * * LOW HITPOINT WARNING * * *
The hobgoblin hits you but does no damage.
The goblin hits you with a +0 dagger.
You die...

∆ #.. .#..#
#'... .....)
#### # ......
##...#..
...J..##.......
......hh.......
......h@g......
##..###hg###...
#..# #..# .....
###..## .... #
..## ##..# .
..##... .... ∆


You could see an endoplasm, 4 jackals, a hobgoblin and a goblin.

Vanquished Creatures
  An iron imp (D:3)
  2 adders
  A worm (D:2)
  A dart slug (D:1)
  9 endoplasms
  2 giant cockroaches
  4 goblins
  4 hobgoblins
  4 quokkas
  4 ball pythons
  3 bats
  4 frilled lizards
  4 kobolds
  4 rats
47 creatures vanquished.

Notes
Turn   | Place    | Note
-------+----------+-------------------------------------------
     0 | D:1      | HatHat the Minotaur Chaos Knight began the quest for the
                  | Orb.
     0 | D:1      | Reached XP level 1. HP: 19/19 MP: 0/0
    75 | D:1      | XOM: silly message
   295 | D:1      | Reached XP level 2. HP: 7/27 MP: 1/1
   503 | D:1      | XOM: butterfly on damage
   715 | D:1      | XOM: 3-stop teleportation journey
   950 | D:2      | Found a faded altar of an unknown god.
  1043 | D:2      | Reached XP level 3. HP: 32/34 MP: 2/2
  1566 | D:2      | XOM: silly message
  1683 | D:2      | XOM: silly message
  1939 | D:3      | XOM: silly message
  1939 | D:3      | Noticed Grinder
  1942 | D:3      | Reached XP level 4. HP: 39/41 MP: 3/3
  1942 | D:3      | Noticed Sigmund
  1942 | D:3      | XOM: divination: detect items
  1946 | D:3      | Paralysed by Grinder for 4 turns
  1947 | D:3      | Noticed Grinder
  1947 | D:3      | Grinder changed into Grinder the iron imp
  1947 | D:3      | XOM: polymorph Grinder -> Grinder the iron imp
  1953 | D:3      | XOM: enchant monster (bad)
  1957 | D:3      | Killed Grinder the iron imp
  1958 | D:3      | HP: 2/41 [Sigmund/+0 scythe of protection (4)]
  1960 | D:3      | XOM: summons 4 friendly demons
  1969 | D:3      | HP: 1/41 [jackal (3)]
  1969 | D:3      | Slain by a goblin

Illustrated notes

Levels and vault maps discovered:
D:1:      shiori_arrival_oz, layout_loops_ring
D:2:      layout_basic, nicolae_ecumenical_oubliette
D:3:      layout_rooms, jmf_multi_god_temple, minmay_misc_feat_nine_boxes,
          minmay_misc_feat_four_crosses, kennysheep_small_spiral, uniq_grinder,
          uniq_sigmund, uniq_natasha

Skill      XL: |  1  2  3  4 |
---------------+-------------+-----
Fighting       | 4 |  4.4
Long Blades    | 4 |  4.7
Armour         | 3 |  3.2
Dodging        | 2 |  2.2
Short Blades   | |  0.6

Action                   |  1- 3 |  4- 6 || total
-------------------------+-------+-------++-------
Melee: Falchion          |    48 |       ||    48
       Headbutt          |    17 |     2 ||    19
       Rapier            |    59 |    13 ||    72
       Punch             |     1 |       ||     1
Evoke: Piece from Xom's  |     1 |       ||     1
  Use: Scroll            |     1 |     2 ||     3
       Potion            |     1 |     1 ||     2
Armor: Leather armour    |     1 |       ||     1
       Scale mail        |    43 |    18 ||    61
Dodge: Dodged            |    45 |    15 ||    60

Table legend: (Time is in decaauts)
 A = Elapsed time spent in this place.
 B = Non-inter-level travel time spent in this place.
 C = Inter-level travel time spent in this place.
 D = Time resting spent in this place.
 E = Time spent auto-exploring this place.
 F = Levels seen in this place.
 G = Mean time per level.
                   A        B        C        D        E       F      G
               +--------+--------+--------+--------+--------+-----+--------+
         Total |   1979 |    362 |   1617 |      0 |      0 |   3 |  659.7 |
       Dungeon |   1979 |    362 |   1617 |      0 |      0 |   3 |  659.7 |
               +--------+--------+--------+--------+--------+-----+--------+

Top non-repeatable levels by time:
     D:1: 989 daAuts
     D:2: 786 daAuts
     D:3: 202 daAuts
